AoeStats
← smokeMaker

Hideout

509532163Analyzed
1v1 RM · 4d ago on Sep 27, 2026· 75m 57s· 2 players
Game mode
Random Map
Map size
Tiny (2 player)
Population
200
Speed
Normal
Resources
Standard
Victory
Conquest
Starting age
Dark Age
Ending age
Imperial Age
RankedLock teamsTeams togetherTeam positionsShared explorationLock speedFull tech treeHidden civsTurbo modeCheats
Victory
Defeat
🇦🇺 Celts · Australia
294
+11
🇺🇸 Burmese · United States
176
-11
smokeMaker
11:09 Feudal Age
15:51 Man-at-Arms
16:37 Horse Collar
20:58 Forging
20:51 Scale Mail Armor
24:58 Wheelbarrow
27:07 Castle Age
26:41 Bloodlines
28:49 Gold Mining
28:50 Stone Mining
29:06 Heavy Plow
28:46 Long Swordsman
34:09 Wheelbarrow
37:22 Chain Mail Armor
37:44 Iron Casting
37:11 Arson
43:16 Guard Tower
43:47 Fortified Wall
43:36 Murder Holes
52:21 Imperial Age
51:05 Gold Shaft Mining
50:41 Manipur Cavalry
52:42 Squires
53:52 Hand Cart
54:19 Howdah
56:23 Elite Battle Elephant
57:15 Two-Handed Swordsman
65:43 Champion
warwick
4:23 Loom
11:54 Feudal Age
13:19 Wheelbarrow
12:39 Double-Bit Axe
12:38 Horse Collar
19:43 Town Watch
22:09 Castle Age
23:45 Man-at-Arms
27:08 Bow Saw
27:01 Heavy Plow
28:06 Forging
29:10 Long Swordsman
32:55 Arson
38:29 Iron Casting
37:54 Scale Mail Armor
38:09 Crossbowman
43:21 Imperial Age
41:09 Hand Cart
43:32 Murder Holes
43:51 Fortified Wall
43:39 Capped Ram
44:03 Elite Skirmisher
46:03 Pikeman
50:06 Halberdier
61:13 Chain Mail Armor
62:22 Hoardings
64:38 Siege Ram
66:48 Stronghold
74:34 Masonry
Connection lost

Rejoining the realm…

Still unreachable

The connection could not be restored.

Session expired

The server has moved on; the page needs a fresh start.